 Dungeon Crawl Stone Soup version 0.26-a0-682-g294304f6e8 (webtiles) character file.

Game seed: 3422144352790915901

251856 1994 the Vampiric Blade (level 18, -15/140 HPs)
             Began as a Vampire Gladiator on Oct 20, 2020.
             Was the Champion of Okawaru.
             Killed from afar by a deep elf annihilator (57 damage)
             ... with a crystal spear
             ... led by a deep elf high priest
             ... on level 2 of the Elven Halls.
             The game lasted 02:48:53 (42384 turns).

1994 the Vampiric Blade (Vampire Gladiator)        Turns: 42384, Time: 02:48:53

Health: -15/140    AC: 21    Str: 16    XL:     18   Next: 95%
Magic:  39/41      EV: 29    Int:  8    God:    Okawaru [******]
Gold:   1246       SH:  0    Dex: 26    Spells: 12/17 levels left

rFire    + + .     SeeInvis +   a - +9 triple sword of Wamaimp {vorpal, Fragile MR+++ Int-3}
rCold    + . .     Faith    .   (shield currently unavailable)
rNeg     + + .     Spirit   .   R - +1 ring mail {rC+}
rPois    +         Reflect  .   b - +2 helmet "Tuomolos" {MR+}
rElec    +         Harm     .   N - +0 cloak of the Inquisitive Scars {rN++}
rCorr    .         Rampage  .   W - +2 pair of gloves {Dex+3}
MR       +++++                  G - +2 pair of boots {run}
Stlth    +++++++...             K - amulet "Hyhugomo" {Acrobat rPois}
HPRegen  0.53/turn              l - ring of Butchery {Fire rElec MP+9}
MPRegen  0.27/turn              T - ring of Relativism {+Inv rF+ rC+ MP+9 Str+3}

@: heroism, regenerating quickly, lightly drained, quick
A: fangs 3, see invisible, unbreathing
}: 2/15 runes: decaying, serpentine
a: Exsanguinate, Heroism, Finesse, Renounce Religion, Evoke Invisibility


You were on level 2 of the Elven Halls.
You worshipped Okawaru.
Okawaru was exalted by your worship.
You visited 7 branches of the dungeon, and saw 34 of its levels.
You also visited: Sewer, Bailey and Gauntlet.

You collected 3645 gold pieces.
You spent 2399 gold pieces at shops.

Inventory:

Hand Weapons
 a - the +9 triple sword of Wamaimp (weapon) {vorpal, Fragile MR+++ Int-3}
   (Okawaru gifted it to you on level 1 of the Elven Halls)

   It inflicts extra damage upon your enemies.
   It affects your intelligence (-3).
   It affects your resistance to hostile enchantments.
   It will be destroyed if unequipped.
 c - a +9 antimagic great sword
 X - the +9 triple sword of Truth {flame, rN++ MP+9}
   (Okawaru gifted it to you on level 1 of the Swamp)

   It has been specially enchanted to burn those struck by it, causing extra
   injury to most foes and up to half again as much damage against particularly
   susceptible opponents.
   Big, fiery blades are also staple armaments of hydra-hunters.
   It greatly protects you from negative energy.
   It affects your magic capacity (+9).
Missiles
 d - 4 throwing nets
 u - 86 poisoned darts (quivered)
 y - 32 boomerangs
 z - 31 javelins
 P - 27 atropa-tipped darts
 Z - 12 datura-tipped darts
Armour
 b - the +2 helmet "Tuomolos" (worn) {MR+}
   (You found it on level 6 of the Lair of Beasts)

   It affects your resistance to hostile enchantments.
 n - a +1 cloak of preservation
 A - +1 swamp dragon scales
 G - a +2 pair of boots of running (worn)
 N - the +0 cloak of the Inquisitive Scars (worn) {rN++}
   (Okawaru gifted it to you on level 5 of the Lair of Beasts)

   It greatly protects you from negative energy.
 R - a +1 ring mail of cold resistance (worn)
 W - a +2 pair of gloves of dexterity (worn)
Jewellery
 j - a +6 ring of intelligence
 l - the ring of Butchery (left hand) {Fire rElec MP+9}
   (You took it off a minotaur in a Gauntlet)

   [ring of fire]

   It enhances your fire magic.
   It protects you from fire.
   It makes you vulnerable to cold.
   It insulates you from electricity.
   It affects your magic capacity (+9).
 o - an uncursed ring of protection from cold
 K - the amulet "Hyhugomo" (around neck) {Acrobat rPois}
   (You bought it in a shop on level 2 of the Snake Pit)

   [amulet of the acrobat]

   It helps you evade while moving and waiting.
   It protects you from poison.
 M - the ring of Xak Daipn {MR+ Dex+4 SInv}
   (You bought it in a shop on level 15 of the Dungeon)

   [ring of see invisible]

   It affects your dexterity (+4).
   It affects your resistance to hostile enchantments.
   It lets you see invisible.
 T - the ring of Relativism (right hand) {+Inv rF+ rC+ MP+9 Str+3}
   (You found it on level 6 of the Lair of Beasts)

   [ring of magical power]

   It affects your strength (+3).
   It protects you from fire.
   It protects you from cold.
   It affects your magic capacity (+9).
   It lets you turn invisible.
Wands
 q - a wand of acid (33)
 x - a wand of paralysis (38)
 C - a wand of digging (14)
 O - a wand of iceblast (35)
Scrolls
 g - a scroll of silence
 h - a scroll of summoning
 k - 16 scrolls of remove curse
 m - 6 scrolls of magic mapping
 s - 14 scrolls of teleportation
 t - 5 scrolls of immolation
 w - 7 scrolls of fog
 D - 5 scrolls of blinking
 J - 6 scrolls of identify
 Y - 3 scrolls of fear
Potions
 e - 9 potions of lignification
 f - a potion of resistance
 i - 5 potions of might
 p - 6 potions of flight
 r - 4 potions of berserk rage
 v - 6 potions of haste
 B - 17 potions of curing
 E - 4 potions of invisibility
 F - 6 potions of ambrosia
 H - 5 potions of magic
 L - 5 potions of heal wounds
 Q - 3 potions of cancellation
 U - 3 potions of brilliance
Miscellaneous
 I - a box of beasts (3/3)
 V - a condenser vane (2/2)


   Skills:
 - Level 12.1(16.8) Fighting
 - Level 22.0(26.5) Long Blades
 * Level 5.0(9.7) Throwing
 - Level 8.0(12.7) Armour
 - Level 14.3(18.9) Dodging
 - Level 14.5(19.1) Stealth
 - Level 6.0(5.7) Translocations
 - Level 5.0(4.7) Transmutations
 - Level 7.0(6.7) Invocations


You had 12 spell levels left.
You knew the following spells:

 Your Spells              Type           Power        Failure   Level
a - Blink                 Tloc           N/A          11%         2
b - Apportation           Tloc           #.....       7%          1
c - Wereblood             Tmut           #.......     16%         2

Your spell library contained the following spells:

 Spells                   Type           Power        Failure   Level
 Beastly Appendage        Tmut           #.....       11%         1
 Gell's Gravitas          Tloc           #.........   21%         3
 Sting                    Tmut/Pois      #...         26%         1
 Animate Skeleton         Necr           #.....       56%         1
 Corona                   Hex            #......      56%         1
 Foxfire                  Conj/Fire      #...         56%         1
 Freeze                   Ice            #...         56%         1
 Magic Dart               Conj           #...         56%         1
 Summon Small Mammal      Summ           #...         56%         1
 Spider Form              Tmut/Pois      #.........   63%         3
 Call Imp                 Summ           #.......     71%         2
 Ensorcelled Hibernation  Hex/Ice        #.....       71%         2
 Poisonous Vapours        Pois/Air       #.....       71%         2
 Slow                     Hex            #.......     71%         2
 Ignite Poison            Fire/Tmut/Pois #.......     75%         3
 Call Canine Familiar     Summ           #.......     91%         3
 Confusing Touch          Hex            #.......     91%         3
 Conjure Flame            Conj/Fire      #.......     91%         3
 Dazzling Flash           Conj/Hex       #.....       91%         3
 Frozen Ramparts          Ice            #.....       91%         3
 Inner Flame              Hex/Fire       #.......     91%         3
 Mephitic Cloud           Conj/Pois/Air  #.......     91%         3
 Ozocubu's Armour         Ice            #.......     91%         3
 Summon Guardian Golem    Hex/Summ       #.......     91%         3
 Tukima's Dance           Hex            #.......     91%         3
 Ice Form                 Ice/Tmut       #.......     95%         4
 Petrify                  Tmut/Erth      #.......     95%         4
 Blade Hands              Tmut           #.........   96%         5
 Hailstorm                Conj/Ice       #.......     100%        4
 Leda's Liquefaction      Hex/Erth       #.........   100%        4
 Olgreb's Toxic Radiance  Pois           #.......     100%        4
 Sticky Flame             Conj/Fire      #.......     100%        4
 Summon Ice Beast         Ice/Summ       #.......     100%        4
 Summon Lightning Spire   Summ/Air       #.......     100%        4
 Bolt of Magma            Conj/Fire/Erth #.........   100%        5
 Fireball                 Conj/Fire      #.........   100%        5
 Metabolic Englaciation   Hex/Ice        #.........   100%        5
 Yara's Violent Unravell  Hex/Tmut       #.........   100%        5
 Iron Shot                Conj/Erth      #.........   100%        6
 Statue Form              Tmut/Erth      #........    100%        6
 Shatter                  Erth           #.........   100%        9


Dungeon Overview and Level Annotations

Branches:
Dungeon (15/15)            Temple (1/1) D:4            Lair (6/6) D:8
  Swamp (4/4) Lair:4        Snake (4/4) Lair:2        Slime (0/5) Lair:6
    Orc (2/2) D:10            Elf (2/3) Orc:2        Vaults (0/5) D:14
 Depths (0/5) D:15          Sewer (visited)          Bailey (visited)
Gauntlet (visited)

Altars:
Ashenzari
Cheibriados
Dithmenos
Elyvilon
Fedhas
Gozag
Hepliaklqana
Kikubaaqudgha
Makhleb
Nemelex Xobeh
Okawaru
Qazlal
Ru
Sif Muna
Trog
Uskayaw
Vehumet
Wu Jian
Xom
Yredelemnul
Zin
The Shining One
Beogh
Jiyva

Shops:
D:4 *   D:11 [   D:12 }**   D:13 :   D:14 }   D:15 =   Orc:2 *[[=!
Snake:2 *?(}==

Annotations:
D:4 exclusion: upstairs


Innate Abilities, Weirdness & Mutations

Your natural rate of healing is unusually fast.
You have razor-sharp teeth.
You have supernaturally acute eyesight. (SInv)
You can survive without breathing.


Message History

Okawaru accepts your kill.
You are covered in liquid flames!
The deep elf archer shoots an arrow.
The arrow completely misses you.
The deep elf annihilator points at you and mumbles some strange words.
The crystal spear misses you.
The deep elf mage casts a spell.
The deep elf mage blinks!
Unknown command.
Unknown command.
You feel much better.
The deep elf archer seems less brilliant.
The deep elf archer completely misses you.
You riposte.
You carve the deep elf archer like a ham!!!
You kill the deep elf archer!
Okawaru accepts your kill.
Your base Throwing skill increases to level 5!
The deep elf annihilator gestures at you while chanting.
The crystal spear hits you!!!
You die...

,,,** #.#..(..#[###.##...,,,,*
,,,** *#...##.##)#.......,****
*,,,** *#..##.....[####*,,*
**,,,* ##...(.<......#**** *,,,**
##..###(#..$#..# ******** ,,,**
##...###[#.e..###**,,,,**, ,,,**
*#....>..[(....# *,,,,,,*,
,,,,**#.#e######)..#.###*,∩,,,,+,
,,,,,*#,#.*#####@####..#*,,,,,,**
,,,,***,..*#...))....###**,,,,**
,,,** *...##..e.e....# ******
,,,** #....#?.......?# ***
,,,,**#.,..#....e..e:# *,*
,,,,,**,,.......(.e..# *,*
,,,,***,,.e#.........# *,* ,,,**
*,,.(#§........# *,* ,,,**
*<,e##.........# *,*


You could see a deep elf annihilator (empowered), 2 deep elf archers, a deep elf
knight and 3 deep elf magi.

Vanquished Creatures
  Mara (Swamp:2)
  A shard shrike (shapeshifter) (D:15)
  Bai Suzhen (Snake:4)
  Gastronok (Lair:2)
  Kirke (D:13)
  3 thorn hunters
  The ghost of Efficiency the Severer, an adept DDDe of Ru (Snake:4)
  Donald (Swamp:1)
  10 nagarajas
  Aizul (Snake:4)
  The ghost of anKLM the Bludgeoner, a journeyman GrGl of Gozag (Lair:5)
  A stone giant (Orc:1)
  2 entropy weavers (Lair:4)
  A deep elf annihilator (Elf:2)
  A deep elf demonologist (Elf:2)
  A minotaur (Gauntlet)
  A fire dragon (D:15)
  A deep elf death mage (Elf:2)
  A yaktaur captain (D:14)
  Josephine (Snake:1)
  2 deep elf high priests
  Fannar (Orc:1)
  A rakshasa (D:13)
  10 naga warriors
  21 hydras
  A merfolk avatar (Lair:6)
  3 shambling mangroves
  A centaur warrior (D:13)
  9 anacondas
  The ghost of Tessuop the Grappler, a journeyman VSFi of Cheibriados (Lair:4)
  6 dancing weapons
  9 alligators
  5 two-headed ogres
  A queen ant (Lair:4)
  4 shock serpents
  Urug (Lair:4)
  A spriggan berserker (Swamp:4)
  12 deep elf knights
  2 spectral death yaks (Lair:5)
  2 salamander mystics
  11 naga sharpshooters
  4 unseen horrors
  7 swamp dragons
  2 spectral hydras (Lair:5)
  A spriggan druid (Swamp:3)
  A sea snake (Lair:6)
  A wolf spider zombie (D:14)
  3 orc knights
  6 naga ritualists
  11 deep elf archers
  2 harpies (Lair:6)
  A necromancer (D:9)
  Pikel (D:7)
  16 mana vipers
  33 deep elf magi
  2 oklob plants (Lair:1)
  A spectral boulder beetle (Lair:5)
  A manticore (D:14)
  2 orc sorcerers
  15 ugly things
  3 cyclopes
  6 salamanders
  10 elephants
  3 centaur zombies
  2 guardian serpents
  20 naga magi
  A moth of wrath (Gauntlet)
  30 black mambas
  An eye of devastation (shapeshifter) (D:15)
  An apocalypse crab (Gauntlet)
  A large abomination (Gauntlet)
  A cane toad (shapeshifter) (D:15)
  A gargoyle (D:12)
  24 cane toads
  4 rime drakes
  2 kobold demonologists (Bailey)
  20 komodo dragons
  2 yaktaurs (D:14)
  5 trolls
  6 polar bears
  12 hornets
  2 wind drakes (Lair:6)
  7 tyrant leeches
  21 blink frogs
  14 slime creatures
  4 dream sheep (Lair:6)
  6 bog bodies
  A spectral black mamba (Lair:5)
  Sigmund (D:1)
  10 wraiths
  6 spriggans
  An air elemental (Elf:2)
  2 wyverns (Lair:6)
  2 shadows
  A vampire (D:12)
  3 hogs (D:13)
  4 basilisks
  Eustachio (D:5)
  A fire elemental (Elf:2)
  52 yaks
  A steam dragon (D:15)
  2 humans (D:14)
  A human (shapeshifter) (D:15)
  11 vampire mosquitoes
  47 nagas
  17 soldier ants (Lair:4)
  14 swamp worms
  4 insubstantial wisps (Swamp:3)
  3 wargs
  16 water moccasins
  A hydra simulacrum (Lair:6)
  4 black bears
  42 orc warriors
  18 swamp drakes
  5 eyes of draining
  3 ice beasts
  3 phantoms
  6 sky beasts
  10 ogres
  5 boggarts (D:15)
  20 wolves
  21 centaurs
  3 big kobolds
  6 small abominations
  17 bullfrogs
  2 earth elementals
  8 scorpions
  12 killer bees
  4 howler monkeys
  7 wights
  5 electric eels
  3 bullfrog zombies
  5 hounds
  20 orc priests
  4 jellies
  3 bullfrog skeletons
  8 centaur skeletons
  2 iguanas
  2 gnoll shamans
  34 orc wizards
  34 worker ants
  A yak simulacrum (D:9)
  5 polar bear simulacra (D:9)
  2 wolf simulacra (D:9)
  3 hound zombies
  4 hound skeletons
  A worker ant zombie (D:4)
  13 gnolls
  12 adders
  4 river rats (Sewer)
  A shadow imp (D:6)
  4 white imps
  4 ufetubi
  3 oozes
  An adder zombie (D:4)
  4 adder skeletons
  4 worms
  2 dart slugs (D:1)
  6 leopard geckos
  119 orcs
  13 ball pythons
  6 bats
  6 giant cockroaches
  16 goblins
  19 hobgoblins
  19 jackals
  3 quokkas
  6 frilled lizards
  2 jackal skeletons
  22 kobolds
  2 quokka zombies (D:4)
  32 rats
  3 river rat simulacra (D:9)
  3 briar patches
1318 creatures vanquished.

Vanquished Creatures (others)
  A deep elf archer (Elf:2)
  An ogre (Orc:2)
  2 orcs (Orc:2)
  2 briar patches
  16 fungi
  45 plants
  6 withered plants (D:4)
73 creatures vanquished.

Grand Total: 1391 creatures vanquished

Notes
Turn   | Place    | Note
-------+----------+-------------------------------------------
     0 | D:1      | 1994 the Vampire Gladiator began the quest for the Orb.
     0 | D:1      | Reached XP level 1. HP: 16/16 MP: 1/1
   184 | D:1      | Reached XP level 2. HP: 22/22 MP: 2/2
   388 | D:1      | Reached skill level 4 in Long Blades
   503 | D:1      | Reached XP level 3. HP: 27/27 MP: 3/3
   722 | D:2      | Noticed Sigmund
  1236 | D:2      | Reached skill level 5 in Long Blades
  1236 | D:2      | Reached XP level 4. HP: 14/33 MP: 4/4
  1573 | D:2      | Found an iron altar of Okawaru.
  1584 | D:2      | Became a worshipper of Warmaster Okawaru
  1948 | D:3      | Reached XP level 5. HP: 38/38 MP: 5/5
  2012 | D:3      | Reached skill level 6 in Long Blades
  2094 | D:3      | Found a burning altar of Makhleb.
  2471 | D:2      | Reached XP level 6. HP: 44/44 MP: 6/6
  2533 | D:2      | Reached skill level 7 in Long Blades
  2704 | D:3      | Reached * piety under Okawaru
  3078 | D:3      | Reached skill level 1 in Invocations
  3339 | D:1      | Killed Sigmund
  3339 | D:1      | Reached ** piety under Okawaru
  3339 | D:1      | Reached skill level 8 in Long Blades
  3339 | D:1      | Reached XP level 7. HP: 45/49 MP: 6/8
  3560 | D:4      | Found a staircase to the Ecumenical Temple.
  3617 | Temple   | Entered the Ecumenical Temple
  4077 | D:4      | Found Zin's Purification Station.
  4077 | D:4      | Found a glowing silver altar of Zin.
  4223 | D:4      | Reached skill level 9 in Long Blades
  4502 | D:5      | Entered Level 5 of the Dungeon
  4521 | D:5      | Reached skill level 1 in Stealth
  4521 | D:5      | Reached XP level 8. HP: 43/55 MP: 9/9
  4529 | D:5      | Reached skill level 5 in Dodging
  4613 | D:5      | Found a glowing drain.
  4685 | Sewer    | Entered a sewer
  5026 | Sewer    | Reached *** piety under Okawaru
  5128 | D:5      | Reached skill level 5 in Stealth
  5425 | D:5      | Noticed Eustachio
  5449 | D:5      | Killed Eustachio
  5920 | D:6      | Reached XP level 9. HP: 61/61 MP: 10/10
  6243 | D:6      | Received a gift from Okawaru
  6508 | D:6      | Reached skill level 1 in Armour
  7325 | D:7      | Noticed Pikel
  7387 | D:7      | Killed Pikel
  7387 | D:7      | Reached **** piety under Okawaru
  7831 | D:8      | Found a staircase to the Lair.
  7942 | D:8      | Reached skill level 10 in Long Blades
  8671 | D:8      | Found a hide-covered altar of Uskayaw.
  8759 | D:9      | Noticed a necromancer
  8795 | D:9      | Killed a necromancer
  8795 | D:9      | Reached ***** piety under Okawaru
  8795 | D:9      | Reached skill level 5 in Fighting
  8795 | D:9      | Reached XP level 10. HP: 48/74 MP: 11/11
  8926 | D:9      | Reached skill level 11 in Long Blades
  8968 | D:9      | Noticed a two-headed ogre
  9002 | D:9      | Found a flagged portal.
  9021 | Bailey   | Entered a bailey
  9289 | Bailey   | Found an iron altar of Okawaru.
  9336 | Bailey   | Received a gift from Okawaru
  9337 | Bailey   | Got a jewelled scimitar {god gift}
  9359 | Bailey   | Identified the +4 scimitar "Hellblazer" {venom, rN+ Str+3
                  | Dex+3} (Okawaru gifted it to you in a bailey)
 10177 | Bailey   | Identified the +5 longbow "Dof Sastreb" {vorpal, Dex+2}
 10177 | Bailey   | Noticed an orc knight
 10194 | Bailey   | Killed an orc knight
 10194 | Bailey   | Reached skill level 5 in Invocations
 10297 | D:9      | Acquired a +1 pair of boots of running
 10365 | D:9      | Noticed a two-headed ogre
 10377 | D:8      | Killed a two-headed ogre
 10572 | D:9      | Received a gift from Okawaru
 10572 | D:9      | Reached XP level 11. HP: 79/80 MP: 15/15
 10593 | D:9      | Got a dazzling triple sword {god gift}
 10595 | D:9      | Identified the +11 triple sword of Xenaac {protect, *Rage
                  | Str+6} (Okawaru gifted it to you on level 9 of the Dungeon)
 10795 | D:9      | Killed a two-headed ogre
 10795 | D:9      | Reached skill level 12 in Long Blades
 11155 | D:10     | Entered Level 10 of the Dungeon
 11623 | D:10     | Found a staircase to the Orcish Mines.
 11714 | D:10     | Found a roughly hewn altar of Beogh.
 12384 | D:11     | Noticed an unseen horror
 12390 | D:11     | Noticed a brown ugly thing
 12399 | D:11     | Killed an unseen horror
 12411 | D:10     | Killed a brown ugly thing
 12719 | D:11     | Found a shimmering blue altar of Sif Muna.
 12753 | D:11     | Reached skill level 13 in Long Blades
 12772 | D:11     | Noticed a white ugly thing
 12773 | D:11     | Noticed an unseen horror
 12778 | D:11     | Noticed a purple ugly thing
 12812 | D:10     | Killed an unseen horror
 12828 | D:10     | Killed a white ugly thing
 12828 | D:10     | Received a gift from Okawaru
 12937 | D:10     | Killed a white ugly thing
 13051 | D:11     | Found Hyuguuv's Armour Emporium.
 13352 | Lair:1   | Entered Level 1 of the Lair of Beasts
 13383 | Lair:1   | Reached skill level 14 in Long Blades
 13408 | Lair:1   | Reached XP level 12. HP: 48/88 MP: 16/16
 14445 | Lair:1   | HP: 3/89 [acid (14)]
 14978 | Lair:2   | Reached skill level 15 in Long Blades
 15210 | Lair:2   | Noticed Gastronok
 15229 | Lair:2   | Killed Gastronok
 15229 | Lair:2   | Received a gift from Okawaru
 15229 | Lair:2   | Received a gift from Okawaru
 15353 | Lair:2   | Found a staircase to the Snake Pit.
 15432 | Lair:2   | Reached ****** piety under Okawaru
 15553 | Lair:2   | Noticed a five-headed hydra
 15582 | Lair:2   | Killed a one-headed hydra
 16013 | Lair:3   | Reached skill level 16 in Long Blades
 16051 | Lair:3   | Reached XP level 13. HP: 98/98 MP: 17/17
 16142 | Lair:3   | Received a gift from Okawaru
 16802 | Lair:4   | Noticed Urug
 17100 | Lair:4   | Found a transporter.
 17102 | Lair:4   | Noticed Tessuop's ghost (journeyman VSFi)
 17103 | Lair:4   | Found a transporter.
 17180 | Lair:4   | Noticed an entropy weaver
 17234 | Lair:4   | Killed an entropy weaver
 17234 | Lair:4   | Received a gift from Okawaru
 17246 | Lair:4   | Noticed an entropy weaver
 17366 | Lair:4   | Killed an entropy weaver
 17366 | Lair:4   | Reached skill level 17 in Long Blades
 17513 | Lair:4   | Killed Urug
 17932 | Lair:4   | Found a staircase to the Swamp.
 18265 | Lair:4   | Killed Tessuop's ghost
 18681 | Lair:5   | Received a gift from Okawaru
 18682 | Lair:5   | Identified the +0 pair of gloves of Quantum Leap {*Corrode
                  | rPois Int+8} (Okawaru gifted it to you on level 5 of the
                  | Lair of Beasts)
 18881 | Lair:5   | Reached skill level 10 in Dodging
 18881 | Lair:5   | Reached XP level 14. HP: 94/108 MP: 18/18
 19467 | Lair:6   | Entered Level 6 of the Lair of Beasts
 19581 | Lair:6   | Found a staircase to the Slime Pits.
 19582 | Lair:6   | Found a viscous altar of Jiyva.
 19610 | Lair:6   | Found a runed translucent gate.
 19623 | Lair:6   | Found a runed translucent gate.
 19623 | Lair:6   | Found a runed translucent gate.
 19623 | Lair:6   | Noticed anKLM's ghost (journeyman GrGl)
 20188 | Lair:6   | Learned a level 2 spell: Blink
 20246 | Lair:6   | Reached skill level 1 in Translocations
 20384 | Lair:6   | Identified the cursed +1 leather armour of Vanity {Dex+4}
                  | (You found it on level 6 of the Lair of Beasts)
 20594 | Lair:6   | Identified the +2 helmet "Tuomolos" {MR+} (You found it on
                  | level 6 of the Lair of Beasts)
 20618 | Lair:6   | Identified the ring of Relativism {+Inv rF+ rC+ MP+9 Str+3}
                  | (You found it on level 6 of the Lair of Beasts)
 21022 | Lair:5   | Received a gift from Okawaru
 21039 | Lair:5   | Got a buzzing cloak {god gift}
 21045 | Lair:5   | Identified the +0 cloak of the Inquisitive Scars {rN++}
                  | (Okawaru gifted it to you on level 5 of the Lair of Beasts)
 21266 | Lair:5   | Killed anKLM's ghost
 21421 | Lair:5   | Reached skill level 5 in Translocations
 21998 | D:12     | Found Senohet's Pet Rocks.
 22114 | D:12     | Found Tungul's Assorted Antiques.
 22122 | D:12     | Bought a scroll of identify for 50 gold pieces
 22195 | D:12     | Found Ivunokei's Gadget Boutique.
 22474 | D:13     | Reached skill level 5 in Armour
 22514 | D:13     | You fall into a shaft and drop 1 floor!
 22588 | D:14     | Found Ziufuuc's Gadget Emporium.
 22808 | D:13     | Found a gate leading to a gauntlet.
 22825 | Gauntlet | Entered a Gauntlet
 22825 | Gauntlet | Found a transporter.
 22825 | Gauntlet | Found a transporter.
 22825 | Gauntlet | Found a transporter.
 22826 | Gauntlet | Found a transporter.
 22829 | Gauntlet | Found a transporter.
 22829 | Gauntlet | Found a transporter.
 22843 | Gauntlet | Found a transporter.
 22843 | Gauntlet | Found a transporter.
 22853 | Gauntlet | Found a transporter.
 22857 | Gauntlet | Found a transporter.
 22957 | Gauntlet | Found a transporter.
 22959 | Gauntlet | Found a transporter.
 23078 | Gauntlet | Reached XP level 15. HP: 90/113 MP: 10/19
 23304 | Gauntlet | Identified the ring of Butchery {Fire rElec MP+9}
 23305 | Gauntlet | Found the +8 whip "Snakebite" {curare, rPois}
 23553 | D:13     | Received a gift from Okawaru
 23643 | D:13     | Reached skill level 10 in Stealth
 24034 | D:13     | Found Nirur's Book Boutique.
 24460 | D:14     | Noticed Kirke
 24501 | D:13     | Killed Kirke
 25003 | D:14     | Found a gate to the Vaults.
 25292 | D:15     | Entered Level 15 of the Dungeon
 25292 | D:15     | Found Siaveug's Jewellery Emporium.
 25311 | D:15     | Bought the ring of Xak Daipn {MR+ Dex+4 SInv} for 468 gold
                  | pieces
 25933 | D:15     | Noticed an azure jelly
 25933 | D:15     | an azure jelly changed into a stone giant
 25957 | D:15     | Noticed a shadow dragon
 25958 | D:15     | Noticed a titan
 25958 | D:15     | a shadow dragon changed into a titan
 25968 | D:15     | Noticed a juggernaut
 25970 | D:15     | Noticed a shard shrike
 25970 | D:15     | a juggernaut changed into a shard shrike
 25988 | D:15     | Noticed a titan
 25994 | D:15     | Noticed a shard shrike
 25994 | D:15     | a titan changed into a shard shrike
 25996 | D:15     | Noticed a juggernaut
 25996 | D:15     | a shard shrike changed into a juggernaut
 26095 | D:15     | Noticed a caustic shrike
 26113 | D:15     | Found a staircase to the Depths.
 26136 | D:15     | Noticed a shard shrike
 26139 | D:15     | Noticed a juggernaut
 26139 | D:15     | a shard shrike changed into a juggernaut
 26147 | D:15     | Noticed a titan
 26147 | D:15     | a juggernaut changed into a titan
 26151 | D:15     | Noticed a shard shrike
 26151 | D:15     | a titan changed into a shard shrike
 26159 | D:15     | Killed a shard shrike
 26159 | D:15     | Received a gift from Okawaru
 27040 | Orc:1    | Entered Level 1 of the Orcish Mines
 27538 | Orc:1    | Noticed Fannar
 27682 | Orc:1    | Killed Fannar
 27905 | Orc:2    | Entered Level 2 of the Orcish Mines
 28603 | Orc:2    | Found a staircase to the Elven Halls.
 28779 | Orc:2    | Found Umuleddomu's Distillery.
 28901 | Orc:2    | Found Samach's Antique Armour Shop.
 28901 | Orc:2    | Found Jousk's Antique Armour Shoppe.
 28903 | Orc:2    | Found Leozicuodgh's Jewellery Emporium.
 28905 | Orc:2    | Found Idoggi's General Store.
 28917 | Orc:2    | Bought a scroll of teleportation for 39 gold pieces
 28917 | Orc:2    | Bought 7 javelins for 72 gold pieces
 28919 | Orc:2    | Bought a masterwork ring mail for 216 gold pieces
 28929 | Orc:2    | Identified the +1 ring mail of Minor Irritation {Rampage
                  | Regen+ Stlth+} (You bought it in a shop on level 2 of the
                  | Orcish Mines)
 28941 | Orc:2    | Bought a runed cloak for 270 gold pieces
 28957 | Orc:2    | Bought a runed cloak for 270 gold pieces
 29272 | Orc:2    | Bought a spiked leather armour for 168 gold pieces
 29286 | Orc:2    | Identified the +0 leather armour of Narcissism {Int+2
                  | Dex+4} (You bought it in a shop on level 2 of the Orcish
                  | Mines)
 29487 | Swamp:1  | Entered Level 1 of the Swamp
 29930 | Swamp:1  | Learned a level 1 spell: Apportation
 30058 | Swamp:1  | Noticed Donald
 30069 | Swamp:1  | Killed Donald
 30069 | Swamp:1  | Received a gift from Okawaru
 30069 | Swamp:1  | Reached XP level 16. HP: 120/120 MP: 8/21
 30072 | Swamp:1  | Got an ancient triple sword {god gift}
 30073 | Swamp:1  | Identified the +9 triple sword of Truth {flame, rN++ MP+9}
                  | (Okawaru gifted it to you on level 1 of the Swamp)
 30535 | Swamp:2  | Noticed a thorn hunter
 30558 | Swamp:2  | Killed a thorn hunter
 30776 | Swamp:2  | Reached skill level 18 in Long Blades
 31486 | Swamp:3  | Noticed Mara
 31499 | Swamp:3  | Noticed 1994's illusion
 31572 | Swamp:2  | Killed Mara
 31572 | Swamp:2  | Received a gift from Okawaru
 31801 | Swamp:3  | Reached skill level 10 in Fighting
 32310 | Swamp:3  | Received a gift from Okawaru
 32374 | Swamp:4  | Entered Level 4 of the Swamp
 32720 | Swamp:4  | Reached skill level 19 in Long Blades
 32886 | Swamp:4  | Noticed a thorn hunter
 32901 | Swamp:4  | Killed a thorn hunter
 33001 | Swamp:4  | Received a gift from Okawaru
 33162 | Swamp:4  | Got a decaying rune of Zot
 33259 | Swamp:4  | Reached XP level 17. HP: 121/131 MP: 22/22
 33510 | Swamp:4  | Received a gift from Okawaru
 33846 | Snake:1  | Entered Level 1 of the Snake Pit
 34082 | Snake:1  | Noticed Josephine
 34098 | Snake:1  | Killed Josephine
 34644 | Snake:2  | Found Piuhip's Antique Weapon Shoppe.
 34645 | Snake:2  | Received a gift from Okawaru
 34646 | Snake:2  | Got a heavily runed hat {god gift}
 34657 | Snake:1  | Reached skill level 20 in Long Blades
 34676 | Snake:1  | Identified the +2 hat of the Unstoppable Mouths {Dex+5}
                  | (Okawaru gifted it to you on level 2 of the Snake Pit)
 34869 | Snake:2  | Found Joluuc's Magic Scroll Emporium.
 34886 | Snake:2  | Bought a scroll of identify for 24 gold pieces
 34886 | Snake:2  | Bought a scroll of identify for 24 gold pieces
 34886 | Snake:2  | Bought a scroll of enchant weapon for 90 gold pieces
 34930 | Snake:2  | Bought a scroll of fog for 24 gold pieces
 34930 | Snake:2  | Bought a scroll of fog for 24 gold pieces
 34930 | Snake:2  | Bought a scroll of teleportation for 36 gold pieces
 34930 | Snake:2  | Bought a scroll of identify for 24 gold pieces
 34930 | Snake:2  | Bought a scroll of identify for 24 gold pieces
 35030 | Snake:2  | Found Cytzan's Gadget Boutique.
 35030 | Snake:2  | Found Civog's Jewellery Shoppe.
 35031 | Snake:2  | Found Feafeje's Jewellery Shoppe.
 35232 | Snake:2  | Found Ylitofu's General Store.
 35577 | Snake:2  | You fall into a shaft and drop 1 floor!
 36261 | Snake:2  | Bought the amulet "Hyhugomo" {Acrobat rPois} for 576 gold
                  | pieces
 36438 | Snake:3  | Received a gift from Okawaru
 36671 | Snake:3  | Learned a level 2 spell: Wereblood
 36985 | Snake:4  | Entered Level 4 of the Snake Pit
 36990 | Snake:4  | Reached skill level 1 in Transmutations
 37063 | Snake:4  | Found a large runed translucent door.
 37068 | Snake:4  | Noticed Bai Suzhen
 37157 | Snake:4  | Found a large runed translucent door.
 37158 | Snake:4  | Noticed Efficiency's ghost (adept DDDe)
 37286 | Snake:4  | Killed Bai Suzhen
 37499 | Snake:4  | Reached skill level 5 in Transmutations
 37966 | Snake:4  | Received a gift from Okawaru
 37977 | Snake:4  | Reached XP level 18. HP: 68/140 MP: 23/23
 38470 | Snake:4  | Noticed Aizul
 38475 | Snake:4  | Killed Aizul
 38926 | Snake:4  | Reached skill level 21 in Long Blades
 39215 | Snake:4  | Got a serpentine rune of Zot
 39844 | Snake:4  | Killed Efficiency's ghost
 40103 | Elf:1    | Entered Level 1 of the Elven Halls
 40134 | Elf:1    | Found a radiant altar of Vehumet.
 40465 | Elf:1    | Received a gift from Okawaru
 40478 | Elf:1    | Got an ebony triple sword {god gift}
 40480 | Elf:1    | Identified the +9 triple sword of Wamaimp {vorpal, Fragile
                  | MR+++ Int-3} (Okawaru gifted it to you on level 1 of the
                  | Elven Halls)
 41638 | Elf:1    | Reached skill level 22 in Long Blades
 41967 | Elf:1    | Got a shimmering iron amulet
 41971 | Elf:1    | Identified the amulet of Spite {Inacc rF+ rC+ Str+3 Int-2
                  | Stlth+} (You found it on level 1 of the Elven Halls)
 42152 | Elf:2    | Got a scintillating lead ring
 42153 | Elf:2    | Identified the ring of Piwitem {+Fly MR+ Str+6 Int-3
                  | Stlth-} (You found it on level 2 of the Elven Halls)
 42168 | Elf:2    | Noticed a Brimstone Fiend
 42384 | Elf:2    | Reached skill level 5 in Throwing
 42384 | Elf:2    | Killed from afar by a deep elf annihilator

Illustrated notes

Levels and vault maps discovered:
D:1:      lemuel_arrival_muddy, layout_loops_ring
D:2:      layout_loops_ring, okawaru_altar_gauntlet_db, uniq_sigmund
D:3:      layout_basic, makhleb_heckhound_becter
D:4:      minmay_spotlight, layout_rooms, zin_purify, minmay_temple_entry_trees,
          serial_undead, serial_undead_e, serial_undead_f, serial_undead_a,
          serial_undead_b, serial_undead_d, serial_undead_f,
          lightli_corner_chamber
D:5:      layout_basic, cheibrodos_sewer_entry_sluice, grunt_ministairs_1,
          uniq_eustachio
D:6:      layout_loops_corners
D:7:      layout_basic, minmay_increasing_density, uniq_pikel
D:8:      layout_loops_ring, lair_entry_dummy, lemuel_statue_altar
D:9:      layout_loops_ring, enter_bailey_2, eino_house_with_fridge
D:10:     layout_loops_corners, minmay_orc_entry_temple_small
D:11:     layout_cave_pools, serial_shops, shop_fountains,
          hangedman_decor_opposing, lemuel_blue_sif_altar
D:12:     layout_gridville, serial_shops, shop, shop, guppyfry_shop_earth
D:13:     layout_loops_corners, serial_shops, shop, gauntlet_entry_generic
D:14:     layout_cross, david_vaults_2, minmay_strange_pillars, serial_shops,
          nicolae_shop_waterfront, uniq_kirke
D:15:     gammafunk_enter_depths_forms, layout_irregular_city, serial_shops,
          shop
Temple:   nicolae_temple_the_god_donut
Lair:1:   layout_gridlike, minmay_lair_oklob_chamber
Lair:2:   cheibrodos_lair_river_kwai, layout_cave_pods,
          guppyfry_snake_entry_island, uniq_gastronok
Lair:3:   layout_misc_corridors
Lair:4:   layout_hall_layers, minmay_swamp_entry_worms, gammafunk_ghost_arena,
          minmay_another_anthill, uniq_urug
Lair:5:   layout_cave_pods, beast_lair_carwin_6
Lair:6:   gammafunk_lair_ancient_temple, layout_big_grid, slime_altar_1,
          gammafunk_ghost_necromancy, lemuel_fruit_tree
Swamp:1:  layout_falls_marsh, evilmike_swamp_ruin_rubble_1, swamp_pool1,
          uniq_donald
Swamp:2:  layout_falls_marsh, evilmike_swamp_ruin_house_2, swamp_pool1
Swamp:3:  layout_falls_marsh, evilmike_swamp_ruin_house_1, swamp_pool3,
          uniq_mara
Swamp:4:  swamp_basic_johnstein, layout_basic_swamp
Snake:1:  layout_misc_corridors, uniq_josephine
Snake:2:  layout_cave_shapes, serial_shops, shop, nicolae_shop_statue_plus,
          nicolae_shop_overgrown_old_shop, minmay_shop_grove
Snake:3:  layout_cave_town
Snake:4:  minmay_snake_end_coiled, layout_basic, ebering_ghost_disaster_area,
          drop_trap, grunt_ministairs_3, uniq_bai_suzhen, uniq_aizul
Orc:1:    layout_diamond_mine, minmay_orc_keep, uniq_fannar
Orc:2:    st_orc_rangers, layout_caves, serial_shops, shop,
          nicolae_orc_damp_corner
Elf:1:    eino_elf_arrival_altar, layout_geoelf_octagon,
          kennysheep_underground_church
Elf:2:    layout_loops_cross, portal_ice_cave_entry_ice_statue_one, basic_altar

Skill      XL: |  1  2  3  4  5  6  7  8  9 10 11 12 13 14 15 16 17 18 |
---------------+-------------------------------------------------------+-----
Long Blades    | 4 5 6 8 9 10 11 14 16 17 19 20 22 | 22.0
Invocations    | 2 6 7 |  7.0
Dodging        | 4 6 7 10 12 14 | 14.3
Stealth        | 1 8 14 | 14.5
Fighting       | 2 5 6 8 9 11 12 | 12.1
Armour         | 2 4 6 8 |  8.0
Translocations | 6 |  6.0
Transmutations | 5 |  5.0
Throwing       | 5 |  5.0

Action                   |  1- 3 |  4- 6 |  7- 9 | 10-12 | 13-15 | 16-18 || total
-------------------------+-------+-------+-------+-------+-------+-------++-------
Melee: Long sword        |   105 |   189 |   608 |    56 |       |       ||   958
       Bite              |    11 |    25 |   101 |   152 |   396 |   278 ||   963
       Dagger            |       |       |    35 |    58 |     4 |       ||    97
       Scimitar          |       |       |       |   636 |   791 |       ||  1427
       Punch             |       |       |       |     3 |     1 |       ||     4
       Hand axe          |       |       |       |     5 |    32 |       ||    37
       Great sword       |       |       |       |       |   790 |    79 ||   869
       Triple sword      |       |       |       |       |    53 |  1180 ||  1233
Throw: Dart              |       |       |    14 |    23 |    13 |     7 ||    57
       Stone             |       |       |       |     2 |       |       ||     2
       Javelin           |       |       |       |       |     1 |       ||     1
 Cast: Wereblood         |       |       |       |       |       |     4 ||     4
Invok: Heroism           |       |       |     1 |     5 |     7 |     5 ||    18
Evoke: Wand              |       |       |     1 |     6 |     1 |       ||     8
  Use: Scroll            |       |     8 |    11 |    11 |    22 |     7 ||    59
       Potion            |       |       |       |       |     1 |     1 ||     2
 Stab: Sleeping          |       |     1 |     3 |    20 |    27 |    28 ||    79
       Distracted        |       |       |     3 |     3 |     7 |    12 ||    25
       Paralysed         |       |       |       |     3 |       |       ||     3
Armor: Leather armour    |    24 |       |     7 |       |       |       ||    31
       Ring mail         |     9 |    72 |   186 |    32 |       |    55 ||   354
       Swamp dragon scal |       |       |       |   179 |   512 |   327 ||  1018
Dodge: Dodged            |    86 |   122 |   449 |   499 |  1518 |  1513 ||  4187
       Rpst.: Long sword |    22 |    40 |   130 |    17 |       |       ||   209
       Scimitar          |       |       |       |   141 |   171 |       ||   312
       Great sword       |       |       |       |       |   202 |    16 ||   218
       Triple sword      |       |       |       |       |    10 |   246 ||   256

Table legend: (Time is in decaauts)
 A = Elapsed time spent in this place.
 B = Non-inter-level travel time spent in this place.
 C = Inter-level travel time spent in this place.
 D = Time resting spent in this place.
 E = Time spent auto-exploring this place.
 F = Levels seen in this place.
 G = Mean time per level.
                   A        B        C        D        E       F      G
               +--------+--------+--------+--------+--------+-----+--------+
         Total |  40120 |  36304 |   3816 |   6885 |  15492 |  37 | 1084.3 |
       Dungeon |  15554 |  13681 |   1873 |   1462 |   7058 |  15 | 1036.9 |
        Temple |    325 |    310 |     15 |      0 |    300 |   1 |  325.0 |
          Lair |   8231 |   7213 |   1018 |   1182 |   3016 |   6 | 1371.8 |
         Swamp |   4293 |   4097 |    196 |    757 |   1978 |   4 | 1073.2 |
     Snake Pit |   5717 |   5348 |    369 |   1821 |   1611 |   4 | 1429.2 |
  Orcish Mines |   2229 |   1993 |    236 |    452 |    925 |   2 | 1114.5 |
   Elven Halls |   1526 |   1420 |    106 |    510 |    371 |   2 |  763.0 |
         Sewer |    432 |    432 |      0 |     48 |     17 |   1 |  432.0 |
        Bailey |   1258 |   1258 |      0 |    573 |     12 |   1 | 1258.0 |
      Gauntlet |    551 |    551 |      0 |     78 |    202 |   1 |  551.0 |
               +--------+--------+--------+--------+--------+-----+--------+

Top non-repeatable levels by time:
 Snake:4: 2724 daAuts
    D:10: 1759 daAuts
  Lair:1: 1648 daAuts
  Lair:4: 1604 daAuts
  Lair:6: 1591 daAuts
   Elf:1: 1399 daAuts
     D:2: 1397 daAuts
  Lair:5: 1395 daAuts
   Orc:1: 1298 daAuts
     D:9: 1286 daAuts
 Swamp:3: 1260 daAuts
  Bailey: 1258 daAuts
 Swamp:4: 1244 daAuts
     D:6: 1227 daAuts
  Lair:2: 1213 daAuts
